 Dungeon Sprint DCSS version 0.17-a0-1804-gf6433eb (webtiles) character file.

2251 Kidiri the Basher (level 9, 0/96 HPs)
             Began as a Troll Berserker on Sept 11, 2015.
             Was the Champion of Trog.
             Slain by a trapdoor spider (18 damage)
             ... in the Dungeon (Sprint III: "The Ten Rune Challenge").
             The game lasted 00:08:16 (925 turns).

Kidiri the Basher (Troll Berserker)                  Turns: 925, Time: 00:08:16

Health: 0/96       AC: 14    Str: 28    XL:     9   Next: 15%
Magic:  8/8        EV: 15    Int:  1    God:    Trog [******]
Gold:   68         SH:  0    Dex: 10    Spells: 0 memorised, 8 levels left

rFire  . . .     SeeInvis .     m - +5 great mace (protect)
rCold  . . .     Clarity  .     b - +0 animal skin
rNeg   . . .     SustAt   .     (no shield)
rPois  .         Gourm    +     (helmet restricted)
rElec  .         Spirit   .     (no cloak)
rCorr  .         Warding  .     (gloves unavailable)
rMut   .         NoTele   +     (boots unavailable)
MR     .....                    (no amulet)
Stlth  +.........               (no ring)
                                k - +1 ring of evasion

@: exhausted, short of breath, slowed, very slow, not resistant to hostile
enchantments, very unstealthy
A: unfitting armour, antennae 1, claws 3, rough black scales 1, breathe flames
1, deterioration 1, dopey 1, fast metabolism 3, gourmand, regeneration 2, shaggy
fur 1, tough skin 2
a: Burn Spellbooks, Berserk, Trog's Hand, Brothers in Arms, Renounce Religion,
Breathe Fire


You were in the Dungeon.
You worshipped Trog.
Trog was exalted by your worship.
You were very full.

You visited 1 branch You collected 68 gold pieces.

Inventory:

Hand weapons
 m - a +5 great mace of protection (weapon)
 s - a +0 giant club
Armour
 b - a +0 animal skin (worn)
Jewellery
 k - a +1 ring of evasion (left claw)
Scrolls
 i - a scroll of blinking
 l - a scroll of immolation
 q - a scroll of torment
Potions
 f - a potion of haste
 g - 2 potions of magic
 h - a potion of berserk rage
 o - 3 potions of cure mutation
 p - 2 potions of flight
Comestibles
 c - a bread ration
 j - a royal jelly
 n - 4 fruits
 r - 10 chunks of flesh


   Skills:
 + Level 8.2 Fighting
 * Level 12.3 Maces & Flails
 * Level 11.3 Dodging


You had 8 spell levels left.
You didn't know any spells.

Dungeon Overview and Level Annotations

Branches:
Dungeon (1/1)

Altars:
Cheibriados
Dithmenos
Elyvilon
Fedhas
Gozag
Kikubaaqudgha
Makhleb
Nemelex Xobeh
Okawaru
Qazlal
Ru
Sif Muna
Trog
Vehumet
Xom
Yredelemnul
Zin
The Shining One
Jiyva
Lugonu


Innate Abilities, Weirdness & Mutations

You are too large for most types of armour.
You have claws for hands.
Your metabolism is lightning-fast.
You like to eat raw meat.
You heal very quickly.
You are covered in fur (AC +1).
You have very tough skin (AC +2).
You have a pair of small antennae on your head.
You are partially covered in rough black scales (AC +4, Dex -1).
You can breathe flames.
Your body sometimes deteriorates upon taking damage.
You are dopey. (Int -2)


Message History

You feel better. The trapdoor spider bites you!
* * * LOW HITPOINT WARNING * * *
The trapdoor spider closely misses you.
Drink which item? (? for menu, Esc to quit)
You feel much better. The trapdoor spider bites you!
* * * LOW HITPOINT WARNING * * *
The trapdoor spider bites you but does no damage.
The trapdoor spider misses you.
You barely miss the trapdoor spider.
The trapdoor spider is heavily wounded.
The trapdoor spider misses you. The trapdoor spider closely misses you.
Use which ability?
Press: ? - help, Shift-Dir - straight line, f - trapdoor spider
Aim: a trapdoor spider (heavily wounded, clinging)
You breathe a blast of fire.
The fiery breath misses the trapdoor spider.
You feel somewhat less full. The trapdoor spider bites you.
* * * LOW HITPOINT WARNING * * *
The trapdoor spider bites you!!
You die...

__# [_# +## ..# ..# #'#
..#+##############
..#....#.#.#.....#
..##.#..#.##.###@#
..'##.#.#.##)#.s##
..#.).#..#..##.)'s.....
▓▓▓▓▓▓▓▓▓▓▓▓▓▓▓▓#^.....
{ { { ..(... .....
..... ####


You could see a trapdoor spider.

Vanquished Creatures
  Erolcha (D)
  A deep elf priest (D)
  A shadow (D)
  2 hill giants (D)
  A spatial vortex (D)
  A necrophage (D)
  3 two-headed ogres (D)
  A water elemental (D)
  A scorpion (D)
  A jelly (D)
  Jessica (D)
  A wizard (D)
  A necromancer (D)
  3 humans (D)
  A kobold demonologist (D)
  An ooze (D)
  2 rats (D)
23 creatures vanquished.

Vanquished Creatures (others)
  2 draconian scorchers (D)
  2 yaktaurs (D)
  2 plants (D)
6 creatures vanquished.

Grand Total: 29 creatures vanquished

Notes
Turn   | Place    | Note
--------------------------------------------------------------
     0 | D        | Kidiri the Troll Berserker began the quest for the Orb.
     0 | D        | Reached XP level 1. HP: 22/22 MP: 0/0
     6 | D        | Reached skill level 3 in Maces & Flails
     8 | D        | Acquired Trog's second power
    19 | D        | Noticed Jessica
    24 | D        | Killed Jessica
    24 | D        | Reached skill level 4 in Maces & Flails
    24 | D        | Reached XP level 2. HP: 31/31 MP: 1/1
    24 | D        | Reached XP level 3. HP: 37/37 MP: 2/2
    56 | D        | Killed a yaktaur
   147 | D        | Killed a white draconian scorcher
   206 | D        | Killed a white draconian scorcher
   217 | D        | Noticed a scorpion
   228 | D        | Killed a scorpion
   228 | D        | Reached skill level 5 in Maces & Flails
   228 | D        | Reached skill level 5 in Dodging
   228 | D        | Reached XP level 4. HP: 26/48 MP: 3/3
   288 | D        | Gained mutation: You are dopey. (Int -2) [potion of mutation]
   288 | D        | Gained mutation: You have a pair of small antennae on your head. [potion of mutation]
   288 | D        | Gained mutation: You are partially covered in rough black scales (AC +4, Dex -1). [potion of mutation]
   289 | D        | Gained mutation: You can breathe flames. [potion of mutation]
   289 | D        | Gained mutation: Your body sometimes deteriorates upon taking damage. [potion of mutation]
   318 | D        | Noticed a water elemental
   331 | D        | Killed a water elemental
   331 | D        | Reached skill level 6 in Maces & Flails
   331 | D        | Reached XP level 5. HP: 55/55 MP: 4/4
   410 | D        | Killed a yaktaur
   452 | D        | Noticed a jelly
   453 | D        | Noticed a shadow
   460 | D        | Killed a jelly
   460 | D        | Reached skill level 7 in Maces & Flails
   463 | D        | Killed a shadow
   463 | D        | Reached skill level 5 in Fighting
   463 | D        | Reached skill level 8 in Maces & Flails
   463 | D        | Reached XP level 6. HP: 66/66 MP: 5/5
   495 | D        | Found a stormy altar of Qazlal.
   495 | D        | Noticed a spatial vortex
   496 | D        | Found a sacrificial altar of Ru.
   496 | D        | Found a burning altar of Makhleb.
   496 | D        | Found a viscous altar of Jiyva.
   496 | D        | Found a shimmering altar of Xom.
   496 | D        | Found a shadowy altar of Dithmenos.
   496 | D        | Found a sparkling altar of Nemelex Xobeh.
   496 | D        | Found a corrupted altar of Lugonu.
   496 | D        | Found an opulent altar of Gozag.
   505 | D        | Killed a spatial vortex
   505 | D        | Reached skill level 9 in Maces & Flails
   549 | D        | Found a radiant altar of Vehumet.
   550 | D        | Found a deep blue altar of Sif Muna.
   550 | D        | Found an ancient bone altar of Kikubaaqudgha.
   550 | D        | Noticed a wizard
   551 | D        | Acquired Trog's third power
   552 | D        | Killed a wizard
   571 | D        | Found a glowing silver altar of Zin.
   571 | D        | Found a glowing golden altar of the Shining One.
   571 | D        | Found a white marble altar of Elyvilon.
   571 | D        | Noticed a deep elf priest
   576 | D        | Killed a deep elf priest
   576 | D        | Reached skill level 10 in Maces & Flails
   576 | D        | Reached XP level 7. HP: 76/76 MP: 6/6
   626 | D        | Found an iron altar of Okawaru.
   626 | D        | Found a bloodstained altar of Trog.
   626 | D        | Noticed a human
   628 | D        | Noticed a human
   638 | D        | Killed a human
   643 | D        | Killed a human
   643 | D        | Received a gift from Trog
   689 | D        | Found a basalt altar of Yredelemnul.
   689 | D        | Found a snail-covered altar of Cheibriados.
   689 | D        | Found a blossoming altar of Fedhas.
   689 | D        | Noticed a necrophage
   689 | D        | Noticed a necromancer
   691 | D        | Killed a necromancer
   691 | D        | Reached XP level 8. HP: 87/87 MP: 7/7
   694 | D        | Killed a necrophage
   740 | D        | Noticed a two-headed ogre
   740 | D        | Noticed a two-headed ogre
   742 | D        | Noticed a two-headed ogre
   750 | D        | Killed a two-headed ogre
   750 | D        | Received a gift from Trog
   750 | D        | Reached skill level 10 in Dodging
   753 | D        | Killed a two-headed ogre
   753 | D        | Reached skill level 11 in Maces & Flails
   761 | D        | Killed a two-headed ogre
   855 | D        | Noticed a hill giant
   861 | D        | Killed a hill giant
   910 | D        | Noticed a hill giant
   910 | D        | Noticed Erolcha
   913 | D        | Killed a hill giant
   914 | D        | Noticed a redback
   914 | D        | Noticed a trapdoor spider
   919 | D        | Killed Erolcha
   919 | D        | Reached skill level 12 in Maces & Flails
   919 | D        | Reached XP level 9. HP: 64/96 MP: 8/8
   925 | D        | Slain by a trapdoor spider

Vault maps used:
D:        dungeon_sprint_mu

Action                   |  1- 3 |  4- 6 |  7- 9 || total
-------------------------+-------+-------+-------++-------
Melee: Mace              |    23 |    21 |    28 ||    72
       Great mace        |       |       |    21 ||    21
Invok: Berserk           |     3 |     4 |     5 ||    12
       Burn Spellbooks   |       |     1 |       ||     1
 Abil: Breathe Fire      |       |     2 |     1 ||     3
  Use: Scroll            |       |     5 |       ||     5
       Potion            |       |     2 |     2 ||     4
  Eat: Chunk             |     1 |       |    16 ||    17
       Bread ration      |       |     2 |       ||     2
